Map: Terraços Prion

Players

Kesha

  • Race: Zerg Zerg
  • League: Master

TheZergLord - Winner!

  • Race: Zerg Zerg
  • League: Master

VOD

Have the link to the VOD?

Description

Time

  • Played on: May 23, 2016, 7:03 a.m.
  • Length: 3:21
Show
View Real Time Build Order
Export as new Build Order

Kesha Zerg 

Build Orders: Pool Only 

Get SALT Encoding   

  12  0:01  Drone  
  13  0:12  Drone  
  14  0:16  Extractor  
  14  0:17  Drone  
  14  0:33  Spawning Pool  
  13  0:36  Drone  
  14  0:46  Overlord  
  14  1:20  Zergling x6, Metabolic Boost  
  14  1:23  Queen  
  19  1:31  Zergling x2  
  20  1:40  Baneling Nest  
  20  1:42  Zergling x2  
  20  1:56  Zergling x2  
  21  2:07  Zergling x2  
  22  2:14  Overlord  
  21  2:35  Baneling  
  20  2:46  Zergling x2  
  20  2:47  Zergling x6  
Show
View Real Time Build Order
Export as new Build Order

TheZergLord Zerg - Winner!

Build Orders: Hatch First 

Get SALT Encoding   

  12  0:01  Drone  
  13  0:12  Overlord  
  13  0:17  Drone  
  14  0:31  Drone x2  
  14  0:34  Drone  
  17  0:51  Hatchery  
  17  0:55  Drone  
  17  1:08  Spawning Pool  
  17  1:11  Extractor  
  15  1:13  Drone  
  15  1:16  Drone  
  17  1:20  Drone  
  18  1:29  Drone  
  19  1:39  Overlord  
  19  1:55  Queen, Zergling x2  
  22  2:03  Queen  
  22  2:04  Drone x2  
  26  2:21  Zergling x4  
  26  2:36  Zergling x6  
  26  2:55  Zergling x4  
  26  2:56  Zergling x4  
  28  3:09  Baneling Nest  
Tags
 
Add a new tag
Caveats
  • Supply blocks, unpowered buildings, or Contaminate may cause inaccurate times.
  • Supply counts are checked every 10 seconds.